 Dungeon Crawl Stone Soup version 0.26-b1-57-gb162d0664a (webtiles) character file.

Game seed: 4300054117003145329

226 DocSulfur the Conjurer (level 5, -7/28 HPs)
             Began as a Deep Elf Conjurer on Jan 8, 2021.
             Killed by divine providence
             ... invoked by an orc priest
              (10 damage)
             ... on level 3 of the Dungeon.
             The game lasted 00:04:39 (2584 turns).

DocSulfur the Conjurer (Deep Elf Conjurer)          Turns: 2584, Time: 00:04:39

Health: -7/28      AC:  3    Str:  4    XL:     5   Next: 69%
Magic:  9/15       EV: 13    Int: 24    God:
Gold:   114        SH:  0    Dex: 13    Spells: 13/16 levels left

rFire    . . .     SeeInvis .   (no weapon)
rCold    . . .     Faith    .   (no shield)
rNeg     . . .     Spirit   .   a - +0 robe
rPois    .         Reflect  .   (no helmet)
rElec    .         Harm     .   (no cloak)
rCorr    .         Rampage  .   m - +0 pair of gloves
Will     .....                  (no boots)
Stlth    ++........             (no amulet)
HPRegen  0.09/turn              (no ring)
MPRegen  0.14/turn              (no ring)

@: no status effects
A: no striking features
a: no special abilities


You were on level 3 of the Dungeon.
You visited 1 branch of the dungeon, and saw 3 of its levels.

You collected 114 gold pieces.

Inventory:

Armour
 a - a +0 robe (worn)
 m - a +0 pair of gloves (worn)
Scrolls
 b - 3 scrolls of remove curse {unknown}
 d - 7 scrolls of identify {unknown}
 g - 2 scrolls of enchant weapon {unknown}
 j - a scroll of teleportation {unknown}
 l - a scroll of immolation {unknown}
Potions
 c - a potion of haste {unknown}
 e - 3 potions of heal wounds {unknown}
 f - a potion of magic {unknown}
 h - a potion of flight {unknown}
 i - a potion of curing {unknown}
 k - a potion of mutation {unknown}


   Skills:
 - Level 2.4 Dodging
 - Level 2.4 Stealth
 + Level 6.1 Spellcasting
 + Level 6.2 Conjurations


You had 13 spell levels left.
You knew the following spells:

 Your Spells              Type           Power        Failure   Level
a - Magic Dart            Conj           100%         1%          1
b - Searing Ray           Conj           74%          1%          2

Your spell library contained the following spells:

 Spells                   Type           Power        Failure   Level
 Dazzling Flash           Conj/Hex       44%          7%          3
 Fulminant Prism          Conj/Hex       11%          22%         4
 Iskenderun's Mystic Bla  Conj/Tloc      22%          22%         4


Dungeon Overview and Level Annotations

Branches:
Dungeon (3/15)

Altars:
Gozag


Message History

* * * LOW HITPOINT WARNING * * *
Casting: Searing Ray (safe; 1% risk of failure)
Confirm with . or Enter, or press ? or * to list all spells.
Aiming: Searing Ray (safe; 1% risk of failure)
Press: ? - help, Shift-Dir - straight line The searing ray hits the orc!
You kill the orc! (Press . to maintain the ray.)
You see here a cursed -2 falchion.
Casting: Searing Ray (safe; 1% risk of failure)
Confirm with . or Enter, or press ? or * to list all spells.
Aiming: Searing Ray (safe; 1% risk of failure)
Press: ? - help, Shift-Dir - straight line, f - orc priest
Aim: an orc priest, wielding a +0 hand axe (19% to evade)
The searing ray hits the orc priest!
The orc priest is severely wounded. (Press . to maintain the ray.)
The orc priest mumbles some strange prayers to Beogh against you.
Beogh smites you!
You die...

#
#..........#######
#..........#
#..(.......#
#..........#
##.####'#### # #.#
#.# #.##########.#
#.....@)).o...
#..#########o.
...... .........
#..........
#...........
.............
..(...........


You could see an orc priest and an orc wizard.

Vanquished Creatures
  2 orc priests (D:3)
  Jessica (D:3)
  4 gnolls (D:2)
  4 adders (D:2)
  An ooze (D:2)
  A worm (D:2)
  A dart slug (D:1)
  2 leopard geckos (D:2)
  6 orcs (D:3)
  4 giant cockroaches
  8 goblins
  2 hobgoblins
  A ball python (D:1)
  7 bats
  6 frilled lizards
  A kobold (D:2)
  8 rats
59 creatures vanquished.

Notes
Turn   | Place    | Note
-------+----------+-------------------------------------------
     0 | D:1      | DocSulfur the Deep Elf Conjurer began the quest for the
                  | Orb.
     0 | D:1      | Reached XP level 1. HP: 10/10 MP: 6/6
   296 | D:1      | Reached XP level 2. HP: 13/15 MP: 1/8
   299 | D:1      | Learned a level 2 spell: Searing Ray
   997 | D:2      | Reached skill level 5 in Conjurations
   997 | D:2      | Reached XP level 3. HP: 19/19 MP: 4/10
  1295 | D:2      | Found an opulent altar of Gozag.
  1481 | D:2      | Reached XP level 4. HP: 24/24 MP: 9/12
  1942 | D:2      | Reached skill level 5 in Spellcasting
  2274 | D:3      | Reached XP level 5. HP: 28/28 MP: 11/15
  2374 | D:3      | Noticed Jessica
  2379 | D:3      | Killed Jessica
  2584 | D:3      | Killed from afar by an orc priest

Illustrated notes

Levels and vault maps discovered:
D:1:      kilobyte_arrival_exit_the_forest, layout_basic, skrybe_limestone_x,
          serial_bayou_pond_c, grunt_decor_clamped
D:2:      layout_basic, nicolae_gozag_cash_rules_everything_around_me,
          minmay_box_of_dots
D:3:      layout_basic, uniq_jessica

Skill      XL: |  1  2  3  4  5 |
---------------+----------------+-----
Spellcasting   | 4 5 6 |  6.1
Conjurations   | 5 6 |  6.2
Dodging        | |  2.4
Stealth        | |  2.4

Action                   |  1- 3 |  4- 6 || total
-------------------------+-------+-------++-------
Melee: Unarmed           |     1 |       ||     1
 Cast: Magic Dart        |    31 |    19 ||    50
       Searing Ray       |     8 |    17 ||    25
Armor: Robe              |     3 |     2 ||     5
Dodge: Dodged            |     4 |     8 ||    12
